 Dungeon Crawl Stone Soup version 0.31-a0-819-gf6de2f5ab6 (webtiles) character file.

Game seed: 15406306994571912611

210 qw the Shooter (level 5, 0/33 HPs)
             Began as a Gargoyle Hunter on Sept 23, 2023.
             Slain by an orc wizard
             ... wielding a +0 dagger
              (2 damage)
             ... on level 4 of the Dungeon.
             The game lasted 00:01:07 (2705 turns).

qw the Shooter (Gargoyle Hunter)                    Turns: 2705, Time: 00:01:07

Health: 0/33       AC:  8    Str: 15    XL:     5   Next: 88%
Magic:  5/5        EV: 11    Int:  9    God:
Gold:   182        SH:  0    Dex: 15    Spells: 4/4 levels left

rFire   + . .        Y - +0 shortbow
rCold   . . .        (shield currently unavailable)
rNeg    + . .        c - +0 leather armour {rF+}
rPois   inf          (no helmet)
rElec   +            (no cloak)
rCorr   .            j - +0 pair of gloves
SInv    .            (no boots)
Will    .....        (no amulet)
Stlth   ++           (no ring)
HPRegen 0.25/turn    (no ring)
MPRegen 0.09/turn

%: no passive effects
@: no status effects
A: sickness immunity, AC +4, negative energy resistance 1, electricity
resistance, torment resistance 1, petrification resistance
a: no special abilities


You were on level 4 of the Dungeon.
You visited 1 branch of the dungeon, and saw 4 of its levels.

You collected 182 gold pieces.


Innate Abilities, Weirdness & Mutations

You are immune to sickness and miasma.
Your stone body is resilient. (AC +4)
You are immune to poison.
You resist negative energy. (rN+)
You are resistant to electric shocks. (rElec)
You are resistant to unholy torment.
You are immune to petrification.


   Skills:
 - Level 4.1 Fighting
 + Level 6.0 Ranged Weapons
 - Level 1.0 Armour
 - Level 1.5 Dodging
 - Level 1.1 Stealth


You had 4 spell levels left.
You didn't know any spells.
Your spell library was empty.

Inventory:

Hand Weapons
 Y - a +0 shortbow (weapon)
Armour
 c - a +0 leather armour of fire resistance (worn)
 e - a +0 ring mail
 j - a +0 pair of gloves (worn)
Scrolls
 a - a scroll of identify
Potions
 f - a potion of heal wounds {unknown}
 h - a potion of berserk rage {unknown}
 k - a potion of invisibility {unknown}

Dungeon Overview and Level Annotations

Branches:
Dungeon (4/15)
 Temple: D:4-7

Altars:


Message History

An orc priest is nearby!
You shoot an arrow.
The arrow hits the orc priest but does no damage.
You shoot an arrow.
The arrow closely misses the orc priest.
An orc wizard comes into view.
It is wielding a +0 dagger and wearing a +2 robe of fire resistance.
You shoot an arrow. The orc wizard shouts!
The arrow hits the orc priest.
The orc priest is moderately wounded.
The orc priest calls down the wrath of Beogh upon you.
Pain shoots through your body!
You shoot an arrow. The arrow hits the orc priest.
The orc priest is moderately wounded.
You shoot an arrow. The arrow hits the orc priest.
The orc priest is severely wounded.
The orc priest barely misses you.
You shoot an arrow. The arrow barely misses the orc priest.
The arrow closely misses the orc wizard.
You shoot an arrow. The arrow hits the orc priest.
The orc priest is almost dead.
The orc priest closely misses you.
You shoot an arrow.
The arrow hits the orc priest but does no damage.
The orc priest is almost dead.
The orc priest invokes the aid of Beogh against you.
Beogh smites you!
The orc wizard hits you with a +0 dagger.
You shoot an arrow. The arrow hits the orc priest.
You kill the orc priest!
The orc wizard barely misses you.
Your Fighting skill increases to level 4!
You shoot an arrow. The arrow hits the orc wizard!
The orc wizard is heavily wounded.
The orc wizard points at you and mumbles some strange words.
The puff of flame hits you. You resist.
You shoot an arrow.
The arrow closely misses the orc wizard.
The orc wizard hits you with a +0 dagger.
You die...

#. . # ##. ..# ##..
....##..# ........##
......)o.##
......)@..##
#..#.......## #
#..###...### .# #..
##....##..# #.
##......).. ##.
###............
#...#..............
#............#......#
........######........


You could see an orc wizard.

Vanquished Creatures
  2 orc priests (D:4)
  6 adders
  A worm (D:2)
  A dart slug (D:3)
  11 orcs
  5 endoplasms
  10 hobgoblins
  7 jackals (D:1)
  A quokka (D:2)
  5 ball pythons
  8 bats
  5 frilled lizards
  9 goblins
  2 kobolds
  5 rats
78 creatures vanquished.

Notes
Turn   | Place    | Note
-------+----------+-------------------------------------------
     0 | D:1      | qw the Gargoyle Hunter began the quest for the Orb.
     0 | D:1      | Reached XP level 1. HP: 12/12 MP: 1/1
     0 | D:1      | 0 ||| qw: Version: 0.3-a-83-gcd0e7d8
     0 | D:1      | 0 ||| qw: Game counter: 1374
     0 | D:1      | 0 ||| qw: Melee chars always use a shield: true
     0 | D:1      | 0 ||| qw: God list: Okawaru
     0 | D:1      | 0 ||| qw: Allow faded altars: false
     0 | D:1      | 0 ||| qw: Do Orc after clearing Dungeon:15 true
     0 | D:1      | 0 ||| qw: Do second Lair branch before Depths: true
     0 | D:1      | 0 ||| qw: Lair rune preference: random
     0 | D:1      | 0 ||| qw: Goals: Normal
     0 | D:1      | 0 ||| PLANNING D:1-11
    51 | D:1      | Reached XP level 2. HP: 17/17 MP: 2/2
   250 | D:1      | You fall into a shaft and drop 1 floor!
   398 | D:2      | Reached XP level 3. HP: 21/21 MP: 3/3
   418 | D:2      | Reached skill level 5 in Ranged Weapons
   424 | D:2      | 424 ||| UPGRADING to +0 ring mail.
   434 | D:2      | 434 ||| DROPPING +0 leather armour.
   435 | D:2      | 435 ||| UPGRADING to +0 pair of gloves.
   440 | D:2      | 440 ||| READING 2 scrolls labelled LOICUNL LESO.
   441 | D:2      | 441 ||| READING scroll labelled MOMAKL ACECAEBB.
   442 | D:2      | 442 ||| DROPPING scroll of butterflies.
   555 | D:1      | Reached skill level 1 in Armour
   972 | D:1      | 972 ||| READING scroll labelled ULISHRE CUWISCH.
   973 | D:1      | 973 ||| READING scroll labelled GONIREMPALL.
   974 | D:1      | 974 ||| DRINKING 2 black potions.
   975 | D:1      | 975 ||| DROPPING potion of attraction.
   994 | D:2      | 994 ||| STAIRDANCE
  1063 | D:2      | Reached XP level 4. HP: 25/27 MP: 4/4
  1151 | D:2      | Reached skill level 3 in Fighting
  1555 | D:2      | 1555 ||| READING 2 scrolls labelled WAUBAG ARUITSU.
  1556 | D:2      | 1556 ||| READING scroll labelled OCANIUNEOL.
  1557 | D:2      | 1557 ||| READING scroll labelled RIQOSK VYTHRODGH.
  1558 | D:2      | 1558 ||| READING 2 scrolls of identify.
  1558 | D:2      | 1558 ||| IDENTIFYING cyan potion
  1559 | D:2      | 1559 ||| DROPPING scroll of amnesia.
  1560 | D:2      | 1560 ||| DROPPING potion of ambrosia.
  2182 | D:3      | Identified the +6 whip "Suanudim" {flame, rF- rC+ Will+}
  2194 | D:3      | 2194 ||| Stepping ~*~*~tactically~*~*~ (retreating).
  2195 | D:3      | 2195 ||| Stepping ~*~*~tactically~*~*~ (retreating).
  2196 | D:3      | 2196 ||| FLEEEEING.
  2197 | D:3      | 2197 ||| FLEEEEING.
  2201 | D:3      | Reached XP level 5. HP: 22/32 MP: 5/5
  2202 | D:3      | 2202 ||| FLEEEEING.
  2545 | D:3      | Found a faded altar of an unknown god.
  2593 | D:3      | 2593 ||| UPGRADING to +0 leather armour of fire resistance.
  2603 | D:3      | 2603 ||| READING scroll labelled MOEGRE EMUFIL.
  2604 | D:3      | 2604 ||| READING 2 scrolls of identify.
  2604 | D:3      | 2604 ||| IDENTIFYING viscous cyan potion
  2605 | D:3      | 2605 ||| DROPPING potion of magic.
  2657 | D:4      | Reached skill level 6 in Ranged Weapons
  2702 | D:4      | HP: 7/32 [orc wizard/+0 dagger (2)]
  2704 | D:4      | HP: 2/33 [orc wizard/puff of flame (6)]
  2705 | D:4      | Slain by an orc wizard

Levels and vault maps discovered:
D:1:      lemuel_arrival_river_bridge, layout_basic,
          amcnicky_mini_corridor_feature
D:2:      kennysheep_the_goblin_king, layout_loops_cross
D:3:      layout_basic, shapermc_ecumenical_altar_mp_highgroup,
          serial_corexii_hall, corexii_hall_statues_s,
          chequers_hall_statues_wall_a, corexii_hall_statues_l,
          minmay_misc_feat_x
D:4:      layout_layer_cave, uniq_grinder

Skill      XL: |  1  2  3  4  5 |
---------------+----------------+-----
Ranged Weapons | 5 6 |  6.0
Armour         | 1 |  1.0
Fighting       | 3 4 |  4.1
Dodging        | |  1.5
Stealth        | |  1.1

Action                     |  1- 3 |  4- 6 || total
---------------------------+-------+-------++-------
   Fire: Shortbow          |   134 |   133 ||   267
    Use: Scroll            |     4 |     6 ||    10
         Potion            |     1 |       ||     1
 Armour: Leather armour    |    13 |     9 ||    22
         Ring mail         |    20 |    47 ||    67
  Dodge: Dodged            |    35 |    46 ||    81

Table legend:
 A = Non-vault XP
 B = Vault XP
 C = Vault XP percentage of total XP
 D = Non-vault monster count
 E = Vault monster count
 F = Vault count percentage of total count
                 A         B        C        D         E       F
            +---------+---------+-------+---------+---------+-------
      Total |     291 |      10 |   3.3 |      71 |       7 |   9.0
            +---------+---------+-------+---------+---------+-------
        D:1 |      43 |       0 |   0.0 |      25 |       0 |   0.0
        D:2 |      62 |      10 |  13.9 |      22 |       7 |  24.1
        D:3 |      79 |       0 |   0.0 |      18 |       0 |   0.0
        D:4 |     107 |       0 |   0.0 |       6 |       0 |   0.0
            +---------+---------+-------+---------+---------+-------
